 Dungeon Crawl Stone Soup version 0.27-a0-965-gbf8bb431c4 (webtiles) character file.

Game seed: 9395407763833936599

975 robertstho the Sneak (level 8, -6/82 HPs)
             Began as an Octopode Berserker on Apr 12, 2021.
             Was a Priest of Trog.
             Mangled by a troll (9 damage)
             ... on level 6 of the Dungeon.
             The game lasted 00:04:41 (4790 turns).

robertstho the Sneak (Octopode Berserker)           Turns: 4790, Time: 00:04:41

Health: -6/82      AC:  1    Str: 16    XL:     8   Next: 16%
Magic:  8/8        EV: 14    Int: 10    God:    Trog [***...]
Gold:   190        SH:  0    Dex: 13    Spells: 7/7 levels left

rFire    . . .     SeeInvis .   a - +0 falchion
rCold    . . .     Faith    .   (no shield)
rNeg     . . .     Spirit   .   (helmet restricted)
rPois    .         Reflect  .   (no amulet)
rElec    .         Harm     .   (no ring)
rCorr    .         Rampage  .   (no ring)
Will     .....                  (no ring)
Stlth    ..........             (no ring)
HPRegen  0.23/turn              (no ring)
MPRegen  0.11/turn              (no ring)
                                (no ring)
                                (no ring)

@: berserking (expiring), very quick
A: almost no armour, amphibious, 8 rings, camouflage 1, gelatinous body 1,
(nimble swimmer 1), tentacles
a: Renounce Religion, Berserk, Trog's Hand


You were on level 6 of the Dungeon.
You worshipped Trog.
Trog was most pleased with you.
You visited 1 branch of the dungeon, and saw 6 of its levels.

You collected 190 gold pieces.

Inventory:

Hand Weapons
 a - a +0 falchion (weapon)
 j - a +1 vorpal hand axe
Missiles
 l - 6 atropa-tipped darts
Wands
 g - a wand of digging (5)
 s - a wand of paralysis (7)
Scrolls
 d - 2 scrolls of teleportation
 m - a scroll of enchant armour {unknown}
 n - a scroll of blinking {unknown}
 o - a scroll of noise {unknown}
 q - a scroll of magic mapping {unknown}
Potions
 b - 2 potions of heal wounds
 c - 3 potions of curing
 e - a potion of degeneration {unknown}
 f - a potion of attraction {unknown}
 h - a potion of mutation {unknown}
 i - a potion of might {unknown}
 k - 2 potions of lignification {unknown}
 p - a potion of magic {unknown}
 r - a potion of haste {unknown}


   Skills:
 * Level 5.2 Fighting
 + Level 5.6 Long Blades
 + Level 4.3 Dodging
 * Level 7.8 Stealth


You had 7 spell levels left.
You didn't know any spells.
Your spell library was empty.

Dungeon Overview and Level Annotations

Branches:
Dungeon (6/15)             Temple (0/1) D:4

Altars:
Cheibriados
Fedhas
Gozag
Vehumet
Wu Jian
Xom
Zin

Annotations:
D:4 3 runed translucent doors, ArcanElement's ghost, novice HuFi; JPVeigar's ghost, amateur HOFi; mojowtm's ghost, amateur DECj; srzhan31's ghost, amateur DjEE


Innate Abilities, Weirdness & Mutations

You cannot wear most types of armour.
You are amphibious.
You can wear up to eight rings at the same time.
Your skin changes colour to match your surroundings (Stealth+).
Your rubbery body absorbs attacks. (AC +1, EV +1)
((You are camouflaged near water. (Stealth+)))
You have tentacles for arms and can constrict up to eight enemies at once.


Message History

You slash the gnoll!
You kill the gnoll!
Trog accepts your kill.
The gnoll hits you from afar with a +0 halberd.
The gnoll misses you.
Found a leather armour.
You see here a +0 spear.
You slash the gnoll! Your grab misses the gnoll. You squeeze the gnoll.
You kill the gnoll!
Trog accepts your kill. The iguana bites you. The troll closely misses you.
You riposte.
You barely miss the troll. The troll closely misses you. The troll claws you.
You see here a +0 halberd.
You closely miss the troll. The troll bites you!
* * * LOW HITPOINT WARNING * * *
The troll claws you!
* * * LOW HITPOINT WARNING * * *
The troll claws you.
* * * LOW HITPOINT WARNING * * *
You closely miss the troll. The iguana completely misses you.
You hit the troll. You squeeze the troll.
The troll is lightly wounded.
The troll bites you.
* * * LOW HITPOINT WARNING * * *
The troll claws you.
* * * LOW HITPOINT WARNING * * *
The troll claws you.
* * * LOW HITPOINT WARNING * * *
You closely miss the troll.
The troll is lightly wounded.
The iguana bites you.
* * * LOW HITPOINT WARNING * * *
The troll barely misses you. The troll closely misses you. x2
You closely miss the troll.
The troll is lightly wounded.
The iguana misses you.
You riposte.
You slash the iguana! You grab the iguana.
The iguana is heavily wounded.
The troll bites you!
You die...

. .#. .. ..#. ### #
... .#. ..#.# ####
#. #.#.# .[..©
.##...
.....$######.#.#
#..T@l))....#
##.######.#.######.
# #..<.......
#...######. ......#
####l... ......
#......# #.......


You could see a troll and an iguana.

Vanquished Creatures
  Menkaure (D:4)
  2 black bears (D:5)
  A phantom (D:5)
  2 scorpions
  4 hounds
  A centaur skeleton (D:3)
  2 iguanas (D:5)
  An orc wizard (D:4)
  A hound skeleton (D:4)
  9 adders
  6 gnolls
  A shadow imp (D:5)
  A white imp (D:4)
  An ufetubus (D:4)
  3 worms (D:3)
  A dart slug (D:1)
  6 orcs
  4 endoplasms
  5 giant cockroaches
  6 hobgoblins
  8 jackals
  6 kobolds
  A quokka (D:2)
  5 ball pythons
  14 bats
  4 frilled lizards
  6 goblins
  6 rats
108 creatures vanquished.

Notes
Turn   | Place    | Note
-------+----------+-------------------------------------------
     0 | D:1      | robertstho the Octopode Berserker began the quest for the
                  | Orb.
     0 | D:1      | Reached XP level 1. HP: 16/16 MP: 1/1
    86 | D:1      | Reached XP level 2. HP: 18/21 MP: 2/2
   104 | D:1      | Reached skill level 1 in Stealth
   433 | D:1      | Found a faded altar of an unknown god.
   515 | D:1      | Reached XP level 3. HP: 22/26 MP: 3/3
   664 | D:1      | Reached ** piety under Trog
  1300 | D:2      | Reached skill level 2 in Stealth
  1300 | D:2      | Reached XP level 4. HP: 21/33 MP: 4/4
  1965 | D:3      | Reached skill level 3 in Stealth
  1968 | D:3      | Reached XP level 5. HP: 26/37 MP: 5/5
  2475 | D:3      | Found a snail-covered altar of Cheibriados.
  2505 | D:4      | Reached skill level 4 in Stealth
  2505 | D:4      | Reached XP level 6. HP: 39/43 MP: 6/6
  2707 | D:4      | Found an opulent altar of Gozag.
  2723 | D:4      | Reached skill level 5 in Stealth
  2786 | D:4      | Found a glowing silver altar of Zin.
  2827 | D:4      | Noticed Menkaure
  2833 | D:4      | Killed Menkaure
  3154 | D:4      | Found a staircase to the Ecumenical Temple.
  3164 | D:4      | Reached skill level 6 in Stealth
  3283 | D:4      | Reached XP level 7. HP: 49/49 MP: 7/7
  3288 | D:4      | Reached *** piety under Trog
  3741 | D:4      | Found a runed translucent gate.
  3741 | D:4      | Found a runed translucent gate.
  3741 | D:4      | Found a runed translucent gate.
  3742 | D:4      | Noticed mojowtm's ghost (amateur DECj)
  3742 | D:4      | Noticed JPVeigar's ghost (amateur HOFi)
  3742 | D:4      | Noticed srzhan31's ghost (amateur DjEE)
  3742 | D:4      | Noticed ArcanElement's ghost (novice HuFi)
  3816 | D:5      | Entered Level 5 of the Dungeon
  3823 | D:5      | Reached skill level 5 in Long Blades
  3878 | D:5      | Reached skill level 7 in Stealth
  4003 | D:5      | Found a shimmering altar of Xom.
  4043 | D:5      | Found a radiant altar of Vehumet.
  4052 | D:5      | Found an ornate altar of the Wu Jian Council.
  4058 | D:5      | Reached skill level 5 in Fighting
  4085 | D:5      | Reached XP level 8. HP: 32/55 MP: 8/8
  4262 | D:5      | Found a blossoming altar of Fedhas.
  4779 | D:6      | Noticed a troll
  4789 | D:6      | HP: 3/82 [iguana (3)]
  4790 | D:6      | Mangled by a troll

Illustrated notes

Levels and vault maps discovered:
D:1:      minmay_arrival_stone_box, layout_loops_ring,
          hellmonk_ecumenical_altar_zigzags
D:2:      layout_rooms, minmay_circle_x
D:3:      layout_rooms, cheibriados_altar_1, corexii_item_surrounded_by_moat,
          hangedman_decor_growths, feat_on_display
D:4:      layout_basic, pdpol_temple_overflow_zin_treasury_gozag_greed,
          minmay_temple_entry_butterflies, gammafunk_ghost_cemetery,
          grunt_ministairs_6, minmay_ruptured, uniq_menkaure
D:5:      layout_basic, fiery_altar_vehumet, overflow_temple_1_default,
          nzn_wu_jian_contemplation, marbit_many_paths,
          small_statue_intersection
D:6:      minmay_evil_eye, layout_loops_ring, gammafunk_ghost_mausoleum,
          portal_sewer_entry_e, minmay_mini_ossuary

Skill      XL: |  1  2  3  4  5  6  7 |
---------------+----------------------+-----
Stealth        | 1 2 3 4 6 7 |  7.8
Fighting       | 4 5 |  5.2
Long Blades    | 4 5 |  5.6
Dodging        | 4 |  4.3

Action                   |  1- 3 |  4- 6 |  7- 9 || total
-------------------------+-------+-------+-------++-------
Melee: Falchion          |    67 |    65 |    59 ||   191
       Constrict         |    26 |    25 |    20 ||    71
       Tentacles         |    12 |    28 |    22 ||    62
Invok: Berserk           |     1 |     4 |     2 ||     7
  Use: Scroll            |     2 |       |     3 ||     5
 Stab: Sleeping          |     7 |     6 |     2 ||    15
Armor: Skin              |    10 |     4 |     2 ||    16
Dodge: Dodged            |    43 |    47 |    38 ||   128
       Rpst.: Falchion   |    17 |    20 |    12 ||    49

Table legend: (Time is in decaauts)
 A = Elapsed time spent in this place.
 B = Non-inter-level travel time spent in this place.
 C = Inter-level travel time spent in this place.
 D = Time resting spent in this place.
 E = Time spent auto-exploring this place.
 F = Levels seen in this place.
 G = Mean time per level.
                   A        B        C        D        E       F      G
               +--------+--------+--------+--------+--------+-----+--------+
         Total |   4866 |   4775 |     91 |    178 |   3942 |   6 |  811.0 |
       Dungeon |   4866 |   4775 |     91 |    178 |   3942 |   6 |  811.0 |
               +--------+--------+--------+--------+--------+-----+--------+

Top non-repeatable levels by time:
     D:4: 1350 daAuts
     D:1: 1177 daAuts
     D:5: 962 daAuts
     D:3: 757 daAuts
     D:2: 602 daAuts
     D:6: 16 daAuts
